Map: Graystone Ravine

Players

SHIRYU - Winner!

  • Race: Protoss Protoss
  • Spawn Location: 9:00

Minegamer

  • Race: Terran Terran
  • Spawn Location: 5:00

MegaGiga

  • Race: Terran Terran
  • Spawn Location: 3:00

A.I. 3 (Hard) - Winner!

  • Race: Protoss Protoss
  • Spawn Location: 11:00

VOD

Have the link to the VOD?

Description

Time

  • Played on: Oct. 12, 2026, 3:08 p.m.
  • Length: 27:40
Show
View Real Time Build Order
Export as new Build Order

SHIRYU Protoss - Winner!

Build Orders:  

Get SALT Encoding   

  12  0:00  Probe (Chrono Boost)  
  13  0:10  Probe (Chrono Boost)  
  14  0:22  Probe, Pylon  
  15  0:40  Probe  
  16  0:46  Gateway  
  16  0:52  Probe  
  16  0:54  Assimilator  
  16  0:56  Assimilator  
  17  1:05  Probe (Chrono Boost)  
  18  1:12  Pylon  
  18  1:25  Probe  
  19  1:34  Zealot  
  19  1:37  Probe  
  22  1:49  Probe  
  23  2:01  Probe  
  24  2:06  Nexus  
  24  2:13  Probe (Chrono Boost), Zealot  
  27  2:26  Pylon  
  27  2:28  Gateway  
  27  2:43  Zealot  
  29  3:13  Cybernetics Core  
  29  3:16  Pylon  
  29  3:23  Probe (Chrono Boost)  
  30  3:29  Probe (Chrono Boost)  
  31  3:36  Probe (Chrono Boost), Zealot  
  31  3:39  Zealot  
  31  3:40  Probe (Chrono Boost)  
  37  3:42  Probe (Chrono Boost)  
  37  3:44  Probe (Chrono Boost)  
  37  3:48  Warp Gate (Chrono Boost)  
  39  3:50  Probe, Robotics Facility  
  39  3:55  Probe  
  41  4:02  Probe  
  42  4:07  Probe  
  43  4:15  Gateway  
  43  4:18  Robotics Facility  
  43  4:22  Zealot  
  45  4:24  Zealot  
  47  4:33  Pylon  
  47  4:34  Probe (Chrono Boost)  
  49  4:39  Probe (Chrono Boost)  
  49  4:43  Assimilator  
  49  4:46  Assimilator  
  49  4:48  Probe (Chrono Boost)  
  49  4:49  Zealot  
  49  4:51  Zealot  
  54  4:54  Immortal  
  58  5:11  Robotics Bay, Immortal  
  62  5:27  Stalker  
  62  5:28  Stalker  
  66  5:31  Stalker  
  68  5:52  Pylon  
  68  6:00  Pylon  
  68  6:03  Stalker  
  70  6:04  Pylon  
  70  6:10  Immortal x2  
  78  6:17  Pylon  
  78  6:21  Stalker x2  
  82  6:29  Probe  
  82  6:32  Probe (Chrono Boost)  
  84  6:41  Probe (Chrono Boost)  
  84  6:44  Probe (Chrono Boost)  
  86  6:49  Stalker x3  
  86  6:51  Probe (Chrono Boost)  
  86  6:52  Probe (Chrono Boost)  
  94  6:56  Probe (Chrono Boost)  
  94  6:57  Probe  
  94  6:58  Immortal  
  100  7:08  Probe  
  101  7:09  Probe  
  102  7:30  Pylon  
  102  7:48  Colossus  
  102  7:49  Pylon  
  108  7:51  Pylon  
  108  7:53  Stalker  
  52  8:49  Stalker  
  52  8:50  Stalker x2  
  52  8:53  Colossus x2  
  70  9:32  Stalker x3  
  70  9:34  Nexus  
  76  9:43  Assimilator  
  76  9:45  Assimilator  
  76  9:47  Immortal x2  
  72  10:23  Stalker x2  
  72  10:24  Stalker  
  78  10:34  Immortal x2  
  86  10:46  Probe (Chrono Boost)  
  87  10:55  Probe x2 (Chrono Boost)  
  87  10:56  Probe (Chrono Boost)  
  90  11:00  Stalker  
  90  11:01  Probe (Chrono Boost)  
  90  11:02  Probe x2  
  95  11:05  Protoss Air Weapons Level 1  
  95  11:13  Immortal x2  
  103  11:25  Twilight Council  
  103  11:29  Probe (Chrono Boost)  
  103  11:31  Probe x2 (Chrono Boost)  
  108  11:40  Probe (Chrono Boost)  
  108  11:41  Probe x2 (Chrono Boost)  
  108  11:45  Probe x3 (Chrono Boost)  
  110  11:50  Stalker x2  
  110  11:51  Stalker  
  110  11:52  Immortal x2  
  126  11:56  Probe x2  
  128  12:15  Stalker  
  130  12:16  Stalker  
  130  12:17  Stalker  
  130  12:19  Blink  
  134  12:31  Immortal  
  134  12:32  Templar Archives  
  138  12:46  Pylon  
  138  12:50  Pylon  
  138  12:54  Pylon  
  138  13:04  Immortal  
  142  13:11  Immortal  
  146  13:13  Protoss Air Armor Level 1  
  146  13:16  Stargate  
  146  13:20  Stargate  
  146  13:26  Stalker x2  
  150  13:27  Stalker  
  152  13:43  Colossus  
  152  13:45  Probe (Chrono Boost)  
  159  13:49  Observer  
  161  13:56  Probe (Chrono Boost), Stalker  
  161  13:57  Stalker  
  165  14:17  Pylon  
  165  14:20  Pylon  
  165  14:24  Pylon  
  165  14:34  Colossus  
  165  14:35  Probe  
  165  14:38  Colossus  
  178  16:03  Pylon  
  178  16:10  Pylon  
  166  17:37  Void Ray  
  166  17:38  Void Ray  
  166  17:43  Stalker x3  
  180  17:46  Immortal x2  
  188  18:18  High Templar x2  
  192  18:20  Void Ray  
  192  18:21  Stalker  
  198  18:28  Archon  
  92  19:32  Stalker x2  
  92  19:33  Stalker  
  92  19:36  Immortal x2  
  94  19:41  Void Ray  
  94  19:42  Void Ray  
  98  20:01  High Templar x2  
  98  20:02  Stalker  
  104  20:13  Immortal x2 (Chrono Boost)  
  104  20:14  Void Ray x2  
  116  20:40  Stalker  
  116  20:42  High Templar x2, Immortal x2 (Chrono Boost)  
  130  20:52  Archon  
  130  20:57  Void Ray x2  
  138  21:14  Archon, Immortal x2 (Chrono Boost)  
  138  21:40  Void Ray x2  
  138  21:44  High Templar x2  
  138  21:45  Stalker  
  152  21:48  Immortal x2 (Chrono Boost)  
  160  21:56  Archon  
  160  22:17  Immortal x2  
  160  22:21  Void Ray (Chrono Boost)  
  160  22:22  Void Ray (Chrono Boost)  
  176  22:52  Immortal x2  
  176  22:56  Void Ray x2  
  192  23:31  Immortal x2  
  200  23:39  Void Ray  
  120  24:10  Immortal x2  
  124  24:22  Void Ray  
  128  24:29  Void Ray  
  132  24:34  Stalker  
  134  24:49  Stalker x2, Immortal  
  134  24:52  Immortal  
  146  25:05  Void Ray  
  150  25:12  Void Ray  
  154  25:29  Immortal  
  154  25:32  Immortal  
  154  25:34  Stalker x2  
  166  25:48  Void Ray  
  170  25:55  Void Ray  
  174  26:08  Immortal  
  174  26:11  Immortal  
  182  26:31  Void Ray  
Show
View Real Time Build Order
Export as new Build Order

Minegamer Terran 

Build Orders:  

Get SALT Encoding   

  12  0:19  Refinery  
  12  0:56  SCV  
  13  0:57  Supply Depot  
  13  1:06  Refinery  
  13  1:08  SCV  
  14  1:20  SCV  
  15  1:32  Barracks, SCV  
  16  1:44  SCV  
  17  1:57  SCV  
  18  2:09  SCV  
  19  2:21  SCV  
  20  2:25  Marine  
  21  2:34  Factory  
  21  2:43  Marine  
  22  3:00  Marine  
  22  3:11  Supply Depot  
  22  3:18  Marine  
  23  3:30  Starport  
  23  3:32  Factory Tech Lab  
  23  3:36  Marine  
  24  4:02  Command Center  
  24  4:04  Siege Tank  
  27  4:15  Supply Depot, Starport Tech Lab  
  27  4:26  Fusion Core  
  27  4:27  SCV  
  28  4:36  Siege Tank  
  31  4:45  Banshee  
  34  4:50  SCV  
  35  5:08  Siege Tank  
  38  5:16  SCV  
  39  5:25  Refinery  
  39  5:28  SCV  
  39  5:30  SCV  
  41  5:40  SCV  
  42  5:43  Banshee  
  45  5:53  SCV  
  46  6:02  Refinery  
  46  6:05  SCV  
  47  6:17  SCV  
  48  6:27  Banshee  
  48  6:29  SCV  
  52  6:38  Supply Depot  
  52  7:02  SCV  
  53  7:09  Banshee  
  53  7:14  SCV  
  57  7:18  Supply Depot  
  57  7:26  SCV  
  58  7:31  Starport  
  58  7:38  SCV  
  59  7:50  SCV  
  60  7:52  Banshee  
  63  8:03  SCV  
  64  8:15  SCV  
  65  8:21  Starport Tech Lab  
  65  8:31  Supply Depot  
  65  8:35  Battlecruiser  
  60  9:12  Battlecruiser  
  66  9:20  Supply Depot  
  66  9:24  Supply Depot  
  66  9:40  Battlecruiser  
  66  10:16  Battlecruiser  
  72  10:27  SCV  
  73  10:39  SCV  
  74  10:44  Battlecruiser  
  80  10:51  SCV  
  81  11:13  Starport  
  81  11:20  Battlecruiser  
  87  11:48  Battlecruiser  
  93  12:18  Supply Depot  
  93  12:40  Battlecruiser  
  93  12:43  Supply Depot  
  99  12:52  Supply Depot  
  99  13:05  Battlecruiser  
  105  13:10  Supply Depot  
  105  13:20  Supply Depot  
  105  13:39  Supply Depot  
  105  13:44  Battlecruiser  
  111  13:54  Supply Depot  
  111  13:58  Starport Tech Lab  
  111  14:09  Battlecruiser  
  117  14:12  Supply Depot  
  117  14:48  Battlecruiser  
  123  14:55  Supply Depot  
  123  15:00  Supply Depot  
  123  15:13  Battlecruiser  
  129  15:30  Battlecruiser  
  135  15:53  Battlecruiser  
  141  16:18  Battlecruiser  
  147  16:26  Command Center  
  147  16:47  Supply Depot  
  147  16:57  Battlecruiser  
  153  17:18  Battlecruiser  
  153  17:22  Battlecruiser  
  165  17:43  Supply Depot  
  165  18:26  Battlecruiser  
  93  19:47  Battlecruiser  
  93  19:49  Battlecruiser  
  99  20:33  Battlecruiser  
  105  20:53  Battlecruiser  
  63  21:47  Refinery, SCV  
  64  21:59  SCV  
  65  22:11  SCV  
  66  22:23  Refinery  
  66  22:24  SCV  
  67  22:36  SCV  
Show
View Real Time Build Order
Export as new Build Order

MegaGiga Terran 

Build Orders:  

Get SALT Encoding   

  12  0:01  SCV  
  13  0:13  SCV  
  14  0:19  Supply Depot  
  14  0:25  SCV  
  15  0:43  Barracks  
  15  0:47  SCV  
  16  0:51  Refinery  
  16  0:59  SCV  
  17  1:11  SCV  
  18  1:22  Refinery  
  18  1:23  SCV  
  19  1:30  Supply Depot  
  20  1:35  SCV  
  20  1:36  Reaper  
  21  1:48  SCV  
  22  2:00  SCV  
  23  2:09  Factory  
  23  2:10  Marine  
  23  2:12  SCV  
  25  2:28  Marine  
  26  2:46  Marine  
  27  2:56  Command Center  
  27  3:11  SCV  
  28  3:24  SCV  
  28  3:33  Marine  
  29  3:35  Factory Tech Lab  
  29  3:42  Starport  
  29  3:43  Supply Depot  
  29  3:45  Orbital Command  
  29  3:51  Marine  
  30  4:05  Siege Tank  
  30  4:06  Engineering Bay  
  33  4:13  Marine  
  34  4:18  SCV x2  
  34  4:19  Refinery  
  34  4:21  Supply Depot  
  36  4:30  SCV x2  
  36  4:31  Marine  
  38  4:37  Siege Tank  
  42  4:43  SCV  
  43  4:49  Marine  
  44  4:53  Bunker  
  44  4:55  Viking  
  46  5:00  SCV x2  
  46  5:06  Terran Infantry Weapons Level 1, Marine  
  48  5:09  Siege Tank  
  48  5:12  SCV x2  
  54  5:16  Starport  
  54  5:25  Viking  
  56  5:34  Marine  
  57  5:41  Siege Tank  
  60  5:50  Refinery  
  60  5:52  Marine  
  60  5:54  SCV  
  62  6:03  Supply Depot  
  62  6:15  Armory  
  62  6:25  Viking, SCV x2, Siege Tank  
  69  6:28  Supply Depot  
  69  6:37  SCV  
  70  6:50  Viking, SCV x2  
  74  6:55  Viking, Starport  
  76  7:02  SCV  
  76  7:03  SCV, Fusion Core  
  78  7:10  Terran Vehicle Weapons Level 1  
  78  7:21  Supply Depot  
  78  7:36  Starport Tech Lab  
  78  7:43  Viking x2, SCV x2, Hellbat  
  86  7:46  Supply Depot  
  86  8:07  Marine, SCV  
  86  8:08  Hellbat  
  86  8:12  SCV  
  91  8:13  Viking  
  91  8:15  Supply Depot  
  91  8:19  SCV  
  94  8:25  Starport  
  94  8:28  SCV  
  94  8:29  Hellbat  
  94  8:30  Marine, Viking  
  94  8:32  SCV  
  92  8:37  Supply Depot  
  87  8:43  Viking  
  87  8:48  Marine  
  82  8:55  Hellion  
  84  8:57  Viking  
  84  9:00  Viking  
  88  9:04  Terran Vehicle And Ship Armor Level 1  
  88  9:08  Marine  
  89  9:13  Viking  
  89  9:16  Hellbat  
  93  9:21  Medivac  
  95  9:26  Marine  
  95  9:27  Battlecruiser  
  95  9:28  SCV x2  
  95  9:30  Medivac  
  106  9:36  Supply Depot  
  106  9:38  Hellbat  
  108  9:40  SCV x2  
  110  9:49  Marine  
  97  9:52  SCV  
  89  10:02  Viking  
  89  10:03  Viking x2  
  89  10:06  Marine  
  96  10:08  Supply Depot  
  96  10:11  Hellbat  
  98  10:21  Factory  
  98  10:24  Marine  
  99  10:31  Battlecruiser  
  99  10:32  Viking  
  99  10:33  Viking x2, Hellbat  
  99  10:34  Supply Depot  
  113  10:42  Marine  
  114  10:54  Siege Tank, SCV  
  114  10:55  SCV  
  119  11:02  Viking  
  121  11:07  SCV x2  
  123  11:23  Marine  
  123  11:35  Banshee  
  123  11:37  Siege Tank  
  123  11:38  Hellbat  
  131  11:41  Marine  
  131  11:42  Viking  
  131  11:46  Supply Depot  
  134  12:07  Marine, Viking x2  
  134  12:08  Hellbat, Supply Depot  
  141  12:10  Fusion Core  
  141  12:24  Command Center  
  141  12:29  Viking  
  146  12:30  Siege Tank  
  146  12:47  Missile Turret  
  146  13:02  Siege Tank  
  149  13:08  Missile Turret, Factory Tech Lab  
  149  13:28  Supply Depot  
  149  13:29  Caduceus Reactor  
  149  13:35  Viking, Siege Tank  
  149  13:36  Battlecruiser  
  160  13:42  Drilling Claws  
  160  13:47  Interference Matrix  
  160  13:49  Command Center  
  160  13:55  SCV  
  161  14:05  Supply Depot  
  161  14:07  Thor  
  161  14:08  SCV  
  168  14:20  SCV  
  169  14:25  Siege Tank  
  169  14:27  Viking  
  174  14:32  SCV  
  175  14:39  Refinery  
  175  14:44  SCV, Hyperflight Rotors  
  176  14:56  SCV  
  176  14:57  Siege Tank  
  180  15:00  Thor  
  180  15:01  Smart Servos  
  180  15:03  Refinery  
  175  15:53  Starport Tech Lab x2  
  175  16:08  Command Center  
  175  16:39  Cloaking Field  
  175  16:43  Terran Infantry Weapons Level 2  
  170  17:28  Battlecruiser  
  164  17:32  Battlecruiser  
  164  18:20  Command Center  
  164  18:41  Supply Depot  
  164  18:59  Terran Infantry Armor Level 1  
  164  19:03  Battlecruiser  
  169  19:17  Battlecruiser  
  151  19:37  Battlecruiser  
  131  20:23  SCV  
  95  22:30  SCV  
  96  22:42  SCV  
  97  22:54  SCV  
  97  22:55  Refinery  
  97  22:56  Refinery  
  98  22:59  Battlecruiser  
  98  23:00  Battlecruiser  
  110  23:06  Missile Turret, SCV  
  111  23:18  SCV  
  87  23:58  Viking x2  
  85  24:03  Viking  
  69  24:21  Viking  
  57  24:28  Viking  
  53  24:48  Viking  
  55  24:57  Barracks  
  55  25:13  Viking  
  55  25:48  Factory  
  48  26:13  Supply Depot  
  48  26:15  Supply Depot  
  48  26:20  Supply Depot  
  48  26:22  Supply Depot  
  48  26:33  Starport  
  48  26:37  Factory Tech Lab  
  48  26:49  Engineering Bay  
  48  26:56  Supply Depot  
  48  27:03  Supply Depot  
Show
View Real Time Build Order
Export as new Build Order

A.I. 3 (Hard) Protoss - Winner!

Build Orders: 1 Gate Expand 

Get SALT Encoding   

  12  0:01  Probe  
  13  0:13  Probe  
  14  0:20  Pylon  
  14  0:25  Probe  
  15  0:34  Probe  
  16  0:42  Probe  
  17  0:51  Gateway  
  17  1:08  Probe  
  17  1:12  Nexus  
  18  1:28  Pylon  
  18  1:32  Assimilator  
  18  1:40  Zealot  
  18  1:43  Cybernetics Core  
  18  1:44  Probe  
  21  1:56  Probe  
  22  2:08  Gateway, Probe  
  22  2:13  Stalker  
  23  2:16  Assimilator  
  23  2:18  Warp Gate  
  25  2:24  Pylon  
  25  2:25  Probe  
  25  2:37  Probe  
  26  2:52  Assimilator  
  26  3:08  Probe  
  26  3:11  Probe  
  28  3:13  Robotics Facility  
  28  3:15  Assimilator  
  26  3:29  Probe  
  26  3:32  Probe  
  28  3:41  Probe  
  29  3:44  Probe  
  30  3:53  Probe  
  30  3:54  Immortal  
  30  3:55  Gateway  
  31  3:56  Probe  
  36  4:20  Stalker  
  38  4:38  Adept  
  40  4:39  Probe  
  40  4:43  Probe  
  42  4:50  Immortal  
  42  4:51  Pylon  
  42  4:52  Probe  
  43  4:56  Probe  
  48  5:04  Probe  
  49  5:09  Forge  
  49  5:13  Zealot  
  51  5:17  Probe  
  51  5:20  Probe  
  53  5:27  Probe  
  53  5:32  Probe  
  53  5:35  Probe, Protoss Ground Armor Level 1  
  55  5:38  Zealot  
  58  5:44  Probe  
  58  5:45  Probe  
  58  5:49  Pylon  
  60  5:56  Zealot  
  62  6:07  Probe  
  63  6:12  Probe  
  63  6:13  Pylon  
  63  6:14  Stalker  
  66  6:27  Probe  
  66  6:32  Stalker, Probe  
  70  6:36  Pylon  
  70  6:38  Probe  
  71  6:50  Sentry  
  71  6:54  Observer, Probe  
  73  6:55  Probe  
  73  6:59  Pylon  
  76  7:03  Photon Cannon  
  76  7:08  Adept, Photon Cannon  
  78  7:12  Pylon  
  78  7:14  Pylon, Protoss Ground Weapons Level 1  
  78  7:17  Observer, Probe  
  78  7:19  Probe  
  81  7:25  Stargate  
  81  7:26  Immortal  
  82  7:30  Probe  
  82  7:31  Probe  
  82  7:32  Twilight Council  
  82  7:34  Photon Cannon  
  87  7:40  Photon Cannon  
  87  7:47  Forge  
  87  8:05  Immortal  
  91  9:11  Protoss Air Weapons Level 1  
  91  9:12  Void Ray  
  91  9:16  Protoss Ground Armor Level 2, Adept, Warp Prism, Protoss Ground Weapons Level 2  
  95  9:21  Gateway  
  99  9:27  Robotics Bay  
  99  9:29  Adept  
  101  9:33  Robotics Facility  
  101  9:35  Stargate, Adept  
  103  9:41  Pylon  
  103  9:42  Adept  
  103  9:43  Templar Archives  
  103  9:44  Dark Shrine  
  105  9:49  Stalker  
  105  9:50  Fleet Beacon  
  105  9:52  Warp Prism  
  87  9:55  Adept  
  87  9:56  Nexus  
  73  10:02  Stalker  
  75  10:09  Zealot  
  75  10:13  Warp Prism  
  77  10:15  Gravitic Boosters, Zealot  
  81  10:22  Zealot  
  81  10:28  Observer, Adept  
  84  10:35  Stalker  
  88  10:41  Stalker  
  90  10:48  Sentry  
  92  10:54  Void Ray  
  92  10:55  Protoss Air Armor Level 1  
  96  11:09  Probe  
  96  11:11  Probe  
  98  11:12  Gravitic Drive, Probe  
  99  11:21  Probe  
  99  11:23  Probe  
  99  11:25  Probe  
  102  11:28  Assimilator  
  102  11:31  Protoss Shields Level 1  
  102  11:32  Pylon  
  102  11:33  Probe  
  102  11:34  Pylon  
  103  11:50  Probe  
  103  11:52  Probe  
  103  11:53  Assimilator  
  105  11:55  Photon Cannon  
  105  11:57  Photon Cannon  
  105  12:45  Protoss Ground Weapons Level 3  
  105  12:54  Protoss Air Weapons Level 2  
  105  13:00  Zealot, Protoss Ground Armor Level 3, Resonating Glaives  
  105  13:03  Zealot  
  109  13:06  Stalker  
  109  13:08  Observer  
  109  13:09  Sentry  
  109  13:12  Void Ray  
  117  14:29  Nexus  
  117  14:41  Nexus  
  117  15:03  Protoss Air Armor Level 2  
  117  15:09  Protoss Shields Level 2  
  117  15:52  High Templar, Psionic Storm  
  119  15:58  Phoenix  
  119  16:01  Colossus  
  121  16:05  Phoenix  
  121  16:08  Assimilator  
  123  16:12  Pylon  
  123  16:16  Pylon  
  123  16:17  Assimilator  
  129  16:19  Pylon  
  129  16:22  Pylon  
  129  16:23  Tempest, Assimilator  
  129  16:24  High Templar  
  129  16:25  Assimilator  
  135  16:31  Archon  
  135  16:32  High Templar  
  137  16:36  Photon Cannon  
  137  16:38  High Templar  
  137  16:39  Photon Cannon  
  139  16:44  Photon Cannon  
  139  16:47  Photon Cannon  
  139  16:53  Protoss Shields Level 3  
  139  17:01  Protoss Air Weapons Level 3  
  139  17:07  Probe  
  139  17:08  Nexus  
  139  17:14  Probe  
  134  17:16  Probe  
  134  17:17  Probe  
  134  17:19  Probe  
  134  17:20  Probe  
  135  17:26  Photon Cannon  
  135  17:27  Probe  
  135  17:28  Probe  
  138  17:30  Probe  
  138  17:33  Probe  
  138  17:34  Photon Cannon  
  139  18:45  Assimilator  
  139  18:47  Pylon  
  139  18:48  Assimilator, Probe  
  139  18:50  Pylon  
  139  18:57  Photon Cannon  
  139  18:59  Colossus  
  139  19:03  High Templar  
  139  19:10  Photon Cannon  
  139  19:12  Tempest  
  139  19:13  Photon Cannon  
  137  19:28  High Templar  
  139  19:36  Immortal  
  139  19:37  Protoss Air Armor Level 3  
  129  19:45  Sentry  
  129  19:46  Probe  
  129  19:47  Probe  
  129  19:50  Probe  
  129  19:51  Immortal  
  129  19:52  Probe  
  113  19:53  Sentry  
  113  19:57  Stalker  
  113  20:01  Stalker  
  113  20:06  Probe  
  113  20:07  Pylon  
  109  20:08  Zealot  
  109  20:09  Nexus  
  111  20:14  Assimilator  
  111  20:15  Immortal  
  111  20:16  Probe, Stalker  
  111  20:20  Zealot  
  117  20:23  Zealot  
  117  20:26  Probe  
  117  20:28  Probe, High Templar  
  114  20:29  Probe  
  114  20:31  Probe  
  97  20:36  High Templar  
  97  20:38  Probe  
  97  20:39  Stalker  
  97  20:40  Probe  
  97  20:41  Probe  
  98  20:43  Stalker, Probe  
  93  20:50  Probe  
  93  20:52  Probe  
  93  20:53  Probe  
  93  20:55  Probe  
  90  20:58  Nexus  
  90  21:01  Adept  
  90  21:02  Probe  
  87  21:04  Zealot, Immortal  
  87  21:05  Probe  
  87  21:07  Probe  
  87  21:08  Zealot, Probe  
  87  21:09  Assimilator  
  82  21:14  Probe  
  82  21:15  Probe  
  82  21:16  Immortal  
  82  21:18  Probe  
  92  21:19  Void Ray  
  92  21:23  Void Ray  
  92  21:24  Pylon  
  101  21:26  Zealot  
  101  21:30  Stalker  
  105  21:34  Stalker  
  105  21:37  Fleet Beacon  
  105  21:38  Zealot  
  101  21:41  Pylon, Immortal  
  101  21:42  Assimilator  
  101  21:46  Photon Cannon, Sentry  
  107  21:49  Stalker  
  101  21:57  Stalker  
  101  22:01  Zealot  
  105  22:06  Zealot  
  107  22:13  Zealot  
  109  22:16  Adept  
  109  22:20  Adept  
  109  22:22  Pylon  
  113  22:24  Pylon  
  113  22:27  Sentry  
  115  22:31  Stalker  
  115  22:33  Adept  
  119  22:40  Adept  
  119  22:43  Adept  
  123  22:45  Photon Cannon  
  123  22:48  Photon Cannon  
  123  22:54  Adept  
  123  22:56  Adept  
  127  23:00  Observer  
  119  24:17  Stalker  
  119  24:20  Stalker  
  119  24:34  Immortal  
  119  25:13  Void Ray  
  123  26:29  Immortal  
  123  27:12  Nexus  
Tags
 
Add a new tag
Caveats
  • Supply blocks, unpowered buildings, or Contaminate may cause inaccurate times.
  • Supply counts are checked every 10 seconds.